 Dungeon Crawl Stone Soup version 0.27-a0-1202-ge72e49191c (webtiles) character file.

Game seed: 13568136732200329181

10236 robertstho the Thaumaturge (level 11, -10/68 HPs)
             Began as a Djinni Fire Elementalist on June 2, 2021.
             Was an Initiate of Gozag.
             Shot with a bolt by a yaktaur captain (23 damage)
             ... on level 12 of the Dungeon.
             The game lasted 00:25:18 (13315 turns).

robertstho the Thaumaturge (DjFE)                  Turns: 13315, Time: 00:25:18

Health: -10/68     AC:  3    Str:  7    XL:     11   Next: 89%
Gold:   570        EV: 14    Int: 20    God:    Gozag SH:  5 Dex: 14

rFire    + + .     SeeInvis +   g - +1 short sword (venom)
rCold    . . .     Faith    .   (no shield)
rNeg     . . .     Spirit   .   y - +0 robe {rC+}
rPois    ∞         Reflect  +   j - +0 helmet
rElec    .         Harm     .   a - scarf {repulsion}
rCorr    .         Rampage  .   (no gloves)
Will     +....                  (boots unavailable)
Stlth    +++.......             B - amulet of reflection
HPRegen  0.21/turn              u - ring of see invisible
MPRegen  0.00/turn              A - ring of wizardry

@: flying, repel missiles
A: sickness immunity, fire resistance 2, cold vulnerability 1, float, innate
caster, hp casting, extra vitality 1
a: Renounce Religion, Potion Petition, Call Merchant, Bribe Branch


You were on level 12 of the Dungeon.
You worshipped Gozag.
Gozag was pleased with you.
You visited 1 branch of the dungeon, and saw 10 of its levels.
You also visited: Sewer.

You collected 1633 gold pieces.
You spent 993 gold pieces at shops.
You paid 70 gold pieces to Gozag.

Inventory:

Hand Weapons
 f - a +0 scimitar
 g - a +1 short sword of venom (weapon)
 K - a +1 hand axe of flaming
Missiles
 F - a throwing net
 L - a curare-tipped dart
Armour
 a - a scarf of repulsion (worn)
 j - a +0 helmet (worn)
 y - a +0 robe of cold resistance (worn)
Jewellery
 u - a ring of see invisible (left hand)
 A - a ring of wizardry (right hand)
 B - an amulet of reflection (around neck)
 G - a ring of fire
 I - a +4 ring of evasion
Wands
 o - a wand of flame (42)
 r - a wand of paralysis (7)
 v - a wand of mindburst (11)
 C - a wand of charming (8)
Scrolls
 d - a scroll of silence {unknown}
 h - 2 scrolls of magic mapping
 k - 5 scrolls of teleportation
 m - a scroll of summoning
 q - 3 scrolls of enchant armour
 s - a scroll of blinking
 z - a scroll of identify
 H - a scroll of fog
Potions
 b - 3 potions of resistance
 c - 3 potions of cancellation
 e - a potion of berserk rage {unknown}
 i - 3 potions of magic {unknown}
 l - 3 potions of curing
 n - 3 potions of brilliance {unknown}
 p - 6 potions of flight {unknown}
 w - a potion of mutation
 x - 2 potions of lignification
 D - 3 potions of invisibility
 E - a potion of ambrosia
 J - a potion of attraction {unknown}
 M - 2 potions of might {unknown}
Miscellaneous
 t - a condenser vane


   Skills:
 + Level 2.2 Fighting
 + Level 2.2(2.3) Short Blades
 + Level 0.8(1.6) Long Blades
 + Level 4.7 Dodging
 + Level 5.2 Stealth
 + Level 0.2 Shields
 + Level 12.4 Spellcasting


You had 5 spell levels left.
You knew the following spells:

 Your Spells              Type           Power      Damage    Failure   Level
a - Foxfire               Conj/Fire      100%       2x1d9     1%          1
b - Conjure Flame         Conj/Fire      58%        6-21      1%          3
c - Inner Flame           Hex/Fire       58%        N/A       1%          3
d - Sticky Flame          Conj/Fire      58%        2d7       1%          4
e - Fireball              Conj/Fire      29%        3d13      1%          5
f - Sandblast             Erth           100%       2d20      1%          1
g - Searing Ray           Conj           100%       3d7       1%          2
h - Static Discharge      Conj/Air       58%        N/A       1%          2
i - Animate Dead          Necr           29%        N/A       1%          4
j - Ice Form              Ice/Tmut       58%        N/A       1%          4
Your spell library was empty.

Dungeon Overview and Level Annotations

Branches:
Dungeon (12/15)            Temple (0/1) D:6           Sewer (visited)
   Lair: D:8-11         Orc: D:9-12

Altars:
Ashenzari
Gozag
Hepliaklqana
Ru
Uskayaw
Yredelemnul

Shops:
D:5 =   D:8 *


Innate Abilities, Weirdness & Mutations

You are immune to sickness and miasma.
You are immune to poison.
Your flesh is very heat resistant. (rF++)
You are vulnerable to cold. (rC-)
You float through the air rather than walking.
You learn spells naturally, not from books.
Your magical power is your life essence.
You have superior vitality. (+4 HP)


Message History

The fireball explodes!
The fireball engulfs the yaktaur captain.
The yaktaur captain resists.
The yaktaur captain is lightly wounded.
The yaktaur captain wields a +0 arbalest.
The yaktaur captain shoots a bolt.
The bolt barely misses you.
Casting: Fireball (dangerous; 1% risk of failure)
Confirm with . or Enter, or press ? or * to list all spells.
Aiming: Fireball (dangerous; 1% risk of failure)
Press: ? - help, Shift-Dir - straight line, f/p - yaktaur captain
Aim: a yaktaur captain, wielding a +0 arbalest, wearing a ring of fire and quivering bolts (lightly wounded)
The fireball explodes!
The fireball engulfs the yaktaur captain!
The yaktaur captain resists.
The yaktaur captain is moderately wounded.
The yaktaur captain shoots a bolt.
The bolt closely misses you.
Casting: Fireball (dangerous; 1% risk of failure)
Confirm with . or Enter, or press ? or * to list all spells.
Aiming: Fireball (dangerous; 1% risk of failure)
Press: ? - help, Shift-Dir - straight line, f/p - yaktaur captain
Aim: a yaktaur captain, wielding a +0 arbalest, wearing a ring of fire and quivering bolts (moderately wounded)
The fireball explodes!
The fireball engulfs the yaktaur captain.
The yaktaur captain resists.
The yaktaur captain is moderately wounded.
The yaktaur captain shoots a bolt.
The bolt hits you!!
* * * LOW HITPOINT WARNING * * *
Casting: Fireball (dangerous; 1% risk of failure)
Confirm with . or Enter, or press ? or * to list all spells.
Aiming: Fireball (dangerous; 1% risk of failure)
Press: ? - help, Shift-Dir - straight line, f/p - yaktaur captain
Aim: a yaktaur captain, wielding a +0 arbalest, wearing a ring of fire and quivering bolts (moderately wounded)
The fireball explodes!
The fireball engulfs the yaktaur captain.
The yaktaur captain resists.
The yaktaur captain is heavily wounded.
* * * LOW HITPOINT WARNING * * *
The yaktaur captain shoots a bolt.
The bolt hits you!!
You die...
Your body crumbles into a pile of gold.

.###.....### #.# ##.#####
.#...###...######.##### #.......
(..###.###..##........# #.......
..##.....##..#........# #.......
.##.......##.#........## #.......
.#...#'#...#...........<.#.......
##..##.##..##.......c.##.........
#...#:.:#...#.........####.......
##..##|##..##...@.....# #.......
.#...###...#..#.####### #####.##
.##.......##.##..# #...#
..##.....##..###... #.###
#..###.###...#####'## ##.####
.....#'#...#........# #......
........).####......# #......
........#.## #......# ###......
........#..###....>.#####.>......


You could see a yaktaur captain.

Vanquished Creatures
  A sphinx (D:12)
  2 hydras
  A boulder beetle (D:12)
  A two-headed ogre (D:11)
  An ugly thing (D:12)
  A hornet (D:5)
  2 dream sheep (D:11)
  A slime creature (D:12)
  A shadow (D:11)
  A vampire (D:12)
  2 wyverns (D:8)
  6 vampire mosquitoes (D:12)
  Menkaure (D:6)
  An acid dragon (D:11)
  Duvessa (D:6)
  2 orc warriors
  2 ice beasts
  A black bear (D:6)
  2 sky beasts
  An ogre (D:7)
  A necrophage (D:8)
  4 centaurs (D:12)
  2 phantoms
  4 kobold brigands
  Blork the orc (D:6)
  2 bullfrogs
  Dowan (D:6)
  3 scorpions
  A water moccasin zombie (D:6)
  A howler monkey (D:6)
  5 wights (D:6)
  2 centaur zombies
  A hound (D:4)
  4 orc priests
  3 jellies
  A bullfrog skeleton (D:2)
  A centaur skeleton (D:6)
  2 iguanas
  2 orc wizards
  Terence (D:2)
  A howler monkey zombie (D:5)
  Robin (D:2)
  7 adders
  2 river rats (Sewer)
  An ufetubus (D:7)
  An adder skeleton (D:5)
  4 worms
  4 dart slugs
  23 orcs
  8 ball pythons
  11 bats
  9 endoplasms
  5 giant cockroaches
  14 goblins
  10 hobgoblins
  5 jackals
  2 quokkas (D:2)
  3 frilled lizards
  5 kobolds
  3 rats
192 creatures vanquished.

Vanquished Creatures (collateral kills)
  2 foxfires
2 creatures vanquished.

Vanquished Creatures (others)
  794 foxfires
  A plant (D:11)
  3 withered plants (D:2)
798 creatures vanquished.

Grand Total: 992 creatures vanquished

Notes
Turn   | Place    | Note
-------+----------+-------------------------------------------
     0 | D:1      | robertstho the Djinni Fire Elementalist began the quest for
                  | the Orb.
     0 | D:1      | Reached XP level 1. HP: 15/15 MP: 0/0
   394 | D:1      | Reached XP level 2. HP: 19/21 MP: 0/0
   857 | D:1      | Reached skill level 3 in Spellcasting
  1252 | D:1      | Reached XP level 3. HP: 20/25 MP: 0/0
  1252 | D:1      | Learned a level 1 spell: Sandblast
  1867 | D:2      | Reached XP level 4. HP: 26/31 MP: 0/0
  2059 | D:2      | Noticed Robin
  2064 | D:2      | Killed Robin
  2337 | D:2      | Reached XP level 5. HP: 31/35 MP: 0/0
  2337 | D:2      | Learned a level 2 spell: Searing Ray
  2474 | D:2      | Reached skill level 4 in Spellcasting
  2558 | D:2      | Noticed Terence
  2578 | D:2      | Killed Terence
  2727 | D:2      | Found a faded altar of an unknown god.
  3267 | D:3      | Found a glowing drain.
  3271 | Sewer    | Entered a sewer
  3548 | Sewer    | Reached XP level 6. HP: 37/40 MP: 0/0
  3691 | Sewer    | Found a white marble altar of Elyvilon.
  4685 | D:4      | Reached skill level 5 in Spellcasting
  5533 | D:4      | Reached XP level 7. HP: 43/46 MP: 0/0
  5533 | D:4      | Learned a level 2 spell: Static Discharge
  5833 | D:5      | Entered Level 5 of the Dungeon
  6129 | D:5      | Noticed a hornet
  6221 | D:5      | Reached skill level 1 in Fighting
  6308 | D:5      | Reached skill level 6 in Spellcasting
  6308 | D:5      | Reached XP level 8. HP: 26/52 MP: 0/0
  6593 | D:5      | Killed a hornet
  6594 | D:5      | Reached skill level 1 in Short Blades
  7030 | D:5      | Found Vuigheutz's Jewellery Emporium.
  7521 | D:6      | Noticed Duvessa
  7522 | D:6      | Noticed Blork the orc
  7525 | D:6      | Noticed Dowan
  7526 | D:6      | Killed Blork the orc
  7526 | D:6      | Killed Duvessa
  7529 | D:6      | Reached skill level 7 in Spellcasting
  7529 | D:6      | Reached XP level 9. HP: 32/58 MP: 0/0
  7529 | D:6      | Learned a level 4 spell: Animate Dead
  7534 | D:6      | Killed Dowan
  8058 | D:6      | Identified 2 scrolls of acquirement
  8064 | D:6      | Acquired 657 gold pieces
  8066 | D:6      | Acquired a scarf of repulsion
  8208 | D:6      | Found a sacrificial altar of Ru.
  8209 | D:6      | Found an opulent altar of Gozag.
  8217 | D:6      | Noticed Menkaure
  8222 | D:6      | Killed Menkaure
  8223 | D:6      | Reached skill level 8 in Spellcasting
  8227 | D:6      | Became a worshipper of Gozag Ym Sagoz the Greedy
  8289 | D:6      | Found a staircase to the Ecumenical Temple.
  8618 | D:5      | Bought a ring of wizardry for 330 gold pieces
  8618 | D:5      | Bought an amulet of reflection for 330 gold pieces
  9201 | D:7      | Found a basalt altar of Yredelemnul.
  9204 | D:7      | Found a hazy altar of Hepliaklqana.
  9204 | D:7      | Found a broken altar of Ashenzari.
  9204 | D:7      | Found a hide-covered altar of Uskayaw.
  9823 | D:8      | Reached skill level 9 in Spellcasting
  9823 | D:8      | Reached XP level 10. HP: 48/64 MP: 0/0
 10672 | D:8      | Found Caitiax's Assorted Antiques.
 10679 | D:8      | Bought a scroll of identify for 56 gold pieces
 10679 | D:8      | Bought a scroll of teleportation for 84 gold pieces
 10679 | D:8      | Bought an orange potion for 25 gold pieces
 10679 | D:8      | Bought a scroll of teleportation for 84 gold pieces
 10679 | D:8      | Bought a scroll labelled YWYKHESAXU for 28 gold pieces
 10679 | D:8      | Bought a scroll of identify for 56 gold pieces
 10697 | D:8      | You are sucked into a shaft and drop 3 floors!
 11045 | D:11     | Noticed a two-headed ogre
 11054 | D:11     | Killed a two-headed ogre
 11055 | D:11     | Reached skill level 10 in Spellcasting
 11425 | D:11     | Noticed a two-headed hydra
 11455 | D:11     | Killed a two-headed hydra
 11456 | D:11     | Reached skill level 5 in Stealth
 11762 | D:12     | Reached XP level 11. HP: 45/68 MP: 0/0
 11762 | D:12     | Learned a level 4 spell: Ice Form
 11771 | D:12     | Reached skill level 11 in Spellcasting
 12034 | D:12     | Noticed a boulder beetle
 12040 | D:12     | Killed a boulder beetle
 12064 | D:12     | Noticed an eight-headed hydra
 12070 | D:12     | Killed an eight-headed hydra
 12100 | D:12     | Noticed a cyan ugly thing
 12107 | D:12     | Killed a cyan ugly thing
 12602 | D:12     | Noticed a six-headed hydra
 12604 | D:12     | Noticed a sphinx
 12768 | D:12     | Noticed a yaktaur captain
 12881 | D:12     | Reached skill level 12 in Spellcasting
 13067 | D:12     | Killed a sphinx
 13315 | D:12     | Shot with a bolt by a yaktaur captain

Illustrated notes

Levels and vault maps discovered:
D:1:      kennysheep_arrival_forest, layout_loops_corners
D:2:      layout_rooms, ebering_ecumenical_altar_petrified, minmay_pentomino_p4,
          uniq_robin, uniq_terence
D:3:      layout_basic, gup_sewer_entry_bowl, grunt_ministairs_11
D:4:      layout_basic, roderic_lattice_a
D:5:      minmay_clustersquares, layout_loops_ring, serial_shops,
          nicolae_shop_behind_doors, minmay_statues_item
D:6:      layout_cave_pools, grunt_temple_overflow_open,
          minmay_temple_entry_trees, roderic_nine_men_s_morris, uniq_duvessa,
          uniq_blork_the_orc, uniq_menkaure
D:7:      layout_rooms, chequers_temple_overflow_statue_of_worship,
          corexii_item_surrounded_by_moat
D:8:      layout_loops_ring, lemuel_coloured_pillars_altar, serial_shops,
          kennysheep_mini_moat, serial_bayou_pond_e
D:11:     layout_irregular_city, hangedman_ranch
D:12:     layout_roguey, orc_0_dummy, serial_shops, statue_bzr,
          minmay_checkered_concentric_circles

Skill      XL: |  1  2  3  4  5  6  7  8  9 10 11 |
---------------+----------------------------------+-----
Spellcasting   | 3 4 5 6 7 9 10 12 | 12.4
Stealth        | 2 3 4 5 |  5.2
Fighting       | 1 2 |  2.2
Short Blades   | 1 2 |  2.2
Dodging        | 3 4 |  4.7
Long Blades    | |  0.8
Shields        | |  0.2

Action                   |  1- 3 |  4- 6 |  7- 9 | 10-12 || total
-------------------------+-------+-------+-------+-------++-------
Melee: Short sword       |       |       |     7 |     3 ||    10
 Cast: Foxfire           |    78 |   170 |   188 |    50 ||   486
       Sticky Flame      |       |     4 |    16 |    14 ||    34
       Conjure Flame     |       |     1 |     2 |    10 ||    13
       Fireball          |       |       |     6 |    45 ||    51
       Static Discharge  |       |       |       |     1 ||     1
  Use: Scroll            |       |     5 |     9 |     6 ||    20
       Potion            |       |       |       |     3 ||     3
 Stab: Sleeping          |       |       |     3 |       ||     3
Armor: Robe              |     7 |     1 |     8 |     4 ||    20
Dodge: Dodged            |    13 |    15 |    25 |    16 ||    69
       Repelled          |       |       |       |     1 ||     1
Block: Other             |       |       |     3 |     8 ||    11
       Reflection        |       |       |       |     2 ||     2
       Rpst.: Scimitar   |     1 |     2 |       |       ||     3

Table legend: (Time is in decaauts)
 A = Elapsed time spent in this place.
 B = Non-inter-level travel time spent in this place.
 C = Inter-level travel time spent in this place.
 D = Time resting spent in this place.
 E = Time spent auto-exploring this place.
 F = Levels seen in this place.
 G = Mean time per level.
                   A        B        C        D        E       F      G
               +--------+--------+--------+--------+--------+-----+--------+
         Total |  13313 |  12906 |    407 |   1535 |   9922 |  11 | 1210.3 |
       Dungeon |  12855 |  12448 |    407 |   1339 |   9714 |  10 | 1285.5 |
         Sewer |    457 |    457 |      0 |    196 |    208 |   1 |  457.0 |
               +--------+--------+--------+--------+--------+-----+--------+

Top non-repeatable levels by time:
     D:5: 1655 daAuts
    D:12: 1566 daAuts
     D:1: 1507 daAuts
     D:4: 1462 daAuts
     D:2: 1416 daAuts
     D:7: 1100 daAuts
     D:6: 1092 daAuts
    D:11: 1050 daAuts
     D:8: 1015 daAuts
     D:3: 987 daAuts
   Sewer: 457 daAuts
